 Dungeon Crawl Stone Soup version 0.29.0-15-g675c0067aa (webtiles) character file.

Game seed: 11294175497636151012

35 Frenzy the Trooper (level 3, 0/33 HPs)
             Began as a Minotaur Fighter on Sept 12, 2022.
             Slain by a gnoll
             ... wielding a +0 club
              (4 damage)
             ... on level 2 of the Dungeon.
             The game lasted 00:04:33 (786 turns).

Frenzy the Trooper (Minotaur Fighter)                Turns: 786, Time: 00:04:33

Health: 0/33       AC:  5    Str: 22    XL:     3   Next: 17%
Magic:  2/2        EV: 10    Int:  5    God:
Gold:   96         SH:  4    Dex:  9    Spells: 2/2 levels left

rFire   . . .      SeeInvis .   a - +1 long sword
rCold   . . .      Faith    +   c - +0 buckler
rNeg    . . .      Spirit   .   f - +0 ring mail
rPois   .          Reflect  .   (helmet restricted)
rElec   .          Harm     .   (no cloak)
rCorr   .          Rampage  .   (no gloves)
Will    .....                   (no boots)
Stlth   ..........              g - amulet of faith
HPRegen 0.11/turn               (no ring)
MPRegen 0.08/turn               (no ring)

@: mighty
A: horns 2, retaliatory headbutt
a: no special abilities


You were on level 2 of the Dungeon.
You visited 1 branch of the dungeon, and saw 2 of its levels.

You collected 96 gold pieces.

Inventory:

Hand Weapons
 a - a +1 long sword (weapon)
Missiles
 k - a throwing net (quivered)
Armour
 b - a +0 scale mail
 c - a +0 buckler (worn)
 f - a +0 ring mail (worn)
 l - a +0 helmet
Jewellery
 g - an amulet of faith (around neck)
Scrolls
 m - a scroll of amnesia {unknown}
Potions
 d - a potion of might
 h - a potion of ambrosia
 n - a potion of flight


   Skills:
 + Level 4.1 Fighting
 + Level 2.7 Long Blades
 + Level 3.9 Armour
 + Level 0.6 Dodging
 + Level 0.2 Stealth
 + Level 4.1 Shields


You had 2 spell levels left.
You didn't know any spells.
Your spell library was empty.

Dungeon Overview and Level Annotations

Branches:
Dungeon (2/15)

Altars:

Shops:
D:2 !

Annotations:
D:2 Robin


Innate Abilities, Weirdness & Mutations

You have a pair of horns on your head.
You reflexively headbutt those who attack you in melee.


Message History

You closely miss the goblin. The goblin hits you but does no damage.
You closely miss the goblin. You headbutt the goblin.
You kill the goblin!
The gnoll hits you with a +0 club.
You barely miss the gnoll. Your headbutt misses the gnoll.
The gnoll hits you with a +0 club!
A goblin comes into view. It is wielding a +0 club.
A hobgoblin comes into view.
You completely miss the gnoll.
The goblin shouts!
The hobgoblin shouts!
Your headbutt misses the gnoll.
You hear a shout! x2
The gnoll barely misses you.
A kobold comes into view. It is wielding a +0 short sword.
You barely miss the gnoll.
A hobgoblin comes into view.
The gnoll closely misses you.
A hobgoblin comes into view.
A goblin comes into view. It is wielding a +0 dagger.
The hobgoblin shouts!
The goblin shouts!
You hit the gnoll.
The gnoll is moderately wounded.
The gnoll hits you with a +0 club.
* * * LOW HITPOINT WARNING * * *
A hobgoblin comes into view.
The gnoll hits you with a +0 club.
* * * LOW HITPOINT WARNING * * *
You feel very mighty all of a sudden. The gnoll hits you with a +0 club.
* * * LOW HITPOINT WARNING * * *
A goblin comes into view. It is wielding a +0 dagger.
Robin of the Strong Arm comes into view.
They are wielding a +0 mace.
You barely miss the gnoll.
The gnoll is moderately wounded.
Robin shouts!
You hear a shout!
You block the gnoll's attack.
You closely miss the gnoll.
The gnoll is moderately wounded.
The gnoll hits you with a +0 club.
You die...

##..#...#.#.........# ... .
...#.....#.........#....
..####.#..#............#....
.∩........#.................
#.......#..#.# #...r......
+..........#.###...gg.....
#.....#....#.....g........
###...#..#†..###gK.†....#?
..>..#<.###..@ggg......[.
##.#..#.## #########.#.##.
#+#..#.. .# .. ...#+#. .# #.
.... .. . .. . ###


You could see Robin, a gnoll, 3 hobgoblins, 2 goblins, a kobold and a rat.

Vanquished Creatures
  An adder (D:2)
  A dart slug (D:2)
  2 giant cockroaches (D:1)
  2 hobgoblins
  3 quokkas
  2 ball pythons (D:1)
  A bat (D:1)
  3 frilled lizards (D:1)
  4 goblins
  2 kobolds
  4 rats
25 creatures vanquished.

Notes
Turn   | Place    | Note
-------+----------+-------------------------------------------
     0 | D:1      | Frenzy the Minotaur Fighter began the quest for the Orb.
     0 | D:1      | Reached XP level 1. HP: 19/19 MP: 0/0
   460 | D:1      | Reached XP level 2. HP: 21/27 MP: 1/1
   734 | D:2      | Found Mayleig's Distillery.
   767 | D:2      | Reached XP level 3. HP: 26/33 MP: 2/2
   784 | D:2      | Noticed Robin
   786 | D:2      | Slain by a gnoll

Illustrated notes

Levels and vault maps discovered:
D:1:      evilmike_arrival_home_sweet_home, layout_loops_ring,
          minmay_stone_trees_small
D:2:      minmay_inner_zag, layout_basic, serial_shops, shop, shop,
          nicolae_shop_hallway_stairs, nicolae_shop_crystal,
          minmay_misc_feat_columns, minmay_domino_2, uniq_crazy_yiuf_cottage,
          uniq_terence, uniq_robin

Skill      XL: |  1  2 |
---------------+-------+-----
Fighting       | 4 |  4.1
Shields        | 4 |  4.1
Long Blades    | |  2.7
Armour         | |  3.9
Dodging        | |  0.6
Stealth        | |  0.2

Action                   || total
-------------------------++-------
Melee: Long sword        ||    58
       Headbutt          ||     7
  Use: Scroll            ||     4
       Potion            ||     1
Armor: Ring mail         ||    20
Dodge: Dodged            ||    37
Block: Buckler           ||     7
